 Dungeon Crawl Stone Soup version 0.30-a0-1103-g25895a7845 (webtiles) character file.

Game seed: 4715175048614051069

16424 senseless the Protected (level 12, -3/110 HPs)
             Began as a Minotaur Fighter on Apr 18, 2023.
             Was a Priest of the Shining One.
             Slain by Frances
             ... wielding a +0 halberd
              (8 damage)
             ... while petrified by Jorgrun
             ... on level 12 of the Dungeon.
             The game lasted 00:24:39 (9765 turns).

senseless the Protected (Minotaur Fighter)          Turns: 9765, Time: 00:24:39

Health: -3/110     AC: 37    Str: 34    XL:     12   Next: 9%
Magic:  0/11       EV:  2    Int:  8    God:    the Shining One [***...]
Gold:   1079       SH:  0    Dex: 12    Spells: 11/11 levels left

rFire   . . .      SeeInvis .    k - +5 war axe "Ronid" {speed, rPois rCorr}
rCold   + . .      Faith    .    e - +3 buckler {AC+3}
rNeg    + + +      Spirit   +    U - +2 crystal plate armour
rPois   ∞          Reflect  .    (helmet restricted)
rElec   .          Rampage  .    V - +1 cloak {rCorr}
rCorr   +                        F - +2 pair of gloves "Qaeroc" {Str+7 Dex+3}
Will    .....                    B - +0 pair of boots Stlth
                                 j - amulet of guardian spirit
HPRegen 0.38/turn                D - +4 ring of protection
MPRegen 0.12/turn                v - ring of Tupper {*Slow rPois rC+ rN+ Int+3}

@: petrified, spiked, glowing
A: horns 2, retaliatory headbutt
a: Renounce Religion, Divine Shield, Cleansing Flame


You were on level 12 of the Dungeon.
You worshipped the Shining One.
The Shining One was most pleased with you.
You visited 2 branches of the dungeon, and saw 13 of its levels.
You also visited: Bailey.

You collected 1079 gold pieces.

Inventory:

Hand Weapons
 a - a +0 war axe
 k - the +5 war axe "Ronid" (weapon) {speed, rPois rCorr}
   (You found it on level 2 of the Dungeon)

   rPois:     It protects you from poison.
   rCorr:     It protects you from acid and corrosion.
Missiles
 g - 42 poisoned darts (quivered)
 n - 9 javelins
 u - 10 curare-tipped darts
 T - 2 throwing nets
Armour
 e - a +3 buckler of protection (worn)
 i - the +0 scale mail "Fuotad" {rF+ Int+3}
   (You found it in a bailey)

   Int:       It affects your intelligence (+3).
   rF:        It protects you from fire.
 B - a +0 pair of boots (worn)
 F - the +2 pair of gloves "Qaeroc" (worn) {Str+7 Dex+3}
   (You acquired it on level 6 of the Dungeon)

   Str:       It affects your strength (+7).
   Dex:       It affects your dexterity (+3).
 L - +0 acid dragon scales
 P - a +2 buckler of fire resistance
 Q - a +0 kite shield
 U - a +2 crystal plate armour (worn)
 V - a +1 cloak of preservation (worn)
Jewellery
 j - an amulet of guardian spirit (around neck)
 v - the ring of Tupper (right hand) {*Slow rPois rC+ rN+ Int+3}
   (You acquired it on level 6 of the Dungeon)

   [ring of positive energy]

   Int:       It affects your intelligence (+3).
   rC:        It protects you from cold.
   rPois:     It protects you from poison.
   rN:        It protects you from negative energy.
   *Slow:     It may slow you when you take damage.
 D - a +4 ring of protection (left hand)
 H - a ring of see invisible
 J - an amulet of the acrobat
Wands
 f - a wand of flame (8)
 o - a wand of charming (9)
 q - a wand of roots (49)
 K - a wand of digging (9)
 X - a wand of acid (7)
Scrolls
 l - 4 scrolls of enchant weapon
 m - 4 scrolls of fear
 r - 6 scrolls of teleportation
 t - a scroll of immolation
 x - a scroll of vulnerability {unknown}
 y - a scroll of poison {unknown}
 A - 2 scrolls of noise {unknown}
 C - a scroll of magic mapping
 E - 3 scrolls of blinking
 G - 2 scrolls of amnesia
 N - a scroll of fog {unknown}
 O - a scroll of summoning {unknown}
Potions
 b - 2 potions of curing
 c - 3 potions of haste
 d - a potion of might
 h - 5 potions of lignification
 p - 2 potions of cancellation
 s - 3 potions of attraction
 w - a potion of resistance
 z - 4 potions of brilliance
 I - 4 potions of heal wounds
 R - 2 potions of flight
 S - a potion of invisibility
 W - a potion of ambrosia {unknown}
Miscellaneous
 M - a phantom mirror


   Skills:
 + Level 11.3 Fighting
 + Level 11.0 Axes
 + Level 8.8 Throwing
 + Level 11.3 Armour
 - Level 2.5 Dodging
 + Level 11.0 Shields


You had 11 spell levels left.
You didn't know any spells.
Your spell library contained the following spells:

 Spells                   Type           Power      Damage    Failure   Level
 Apportation              Tloc           0%         N/A       100%        1
 Kiss of Death            Conj/Necr      0%         2d5       100%        1
 Magic Dart               Conj           0%         1d3       100%        1
 Necrotise                Necr           0%         1d4       100%        1
 Summon Small Mammal      Summ           0%         N/A       100%        1
 Searing Ray              Conj           0%         2d4       100%        2
 Sublimation of Blood     Necr           0%         N/A       100%        2
 Wereblood                Tmut           0%         N/A       100%        2
 Confusing Touch          Hex            0%         N/A       100%        3
 Anguish                  Hex/Necr       0%         N/A       100%        4
 Cause Fear               Hex            0%         N/A       100%        4
 Dispel Undead            Necr           0%         3d6       100%        4
 Fulminant Prism          Conj/Hex       0%         3d5       100%        4
 Alistair's Intoxication  Tmut/Pois      0%         N/A       100%        5
 Borgnjor's Vile Clutch   Necr/Erth      0%         N/A       100%        5
 Eringya's Noxious Bog    Tmut/Pois      0%         N/A       100%        6
 Enfeeble                 Hex            0%         N/A       100%        7
 Summon Hydra             Summ           0%         N/A       100%        7


Dungeon Overview and Level Annotations

Branches:
Dungeon (12/15)            Temple (1/1) D:6            Lair (0/5) D:10
    Orc (0/2) D:9          Bailey (visited)

Altars:
Ashenzari
Cheibriados
Dithmenos
Elyvilon
Fedhas
Gozag
Hepliaklqana
Kikubaaqudgha
Makhleb
Nemelex Xobeh
Okawaru
Qazlal
Ru
Sif Muna
Trog
Uskayaw
Vehumet
Wu Jian
Xom
Yredelemnul
Zin
The Shining One

Shops:
D:1 :

Portals:
Trove: D:11 (give +4 ice dragon scales)

Annotations:
D:12 Frances, Jorgrun


Innate Abilities, Weirdness & Mutations

You have a pair of horns on your head.
You reflexively headbutt those who attack you in melee.


Message History

The red devil hits you but does no damage.
Frances hits you but does no damage. Frances hits you but does no damage.
The red devil hits you but does no damage.
Jorgrun hits you but does no damage. The grasping roots constrict you!
Frances chants phrases taken from a devil's mouth.
The shard of ice hits you!! You partially resist.
The grasping roots release their grip on you.
The red devil hits you but does no damage.
Frances chants phrases taken from a devil's mouth.
The iron shot hits you. Jorgrun casts a spell next to you.
The wall shatters!
The blast of rock fragments hits you but does no damage.
Frances hits you but does no damage.
The red devil hits you but does no damage.
Jorgrun hits you but does no damage. Frances hits you with a +0 halberd!
The red devil hits you from afar with a +0 antimagic demon trident!
Barbed spikes become lodged in your body.
You feel your power leaking away.
Frances says, "I speak the language of demons!"
Frances hits you with a +0 halberd! Frances hits you but does no damage.
The red devil hits you but does no damage.
Jorgrun hits you but does no damage. Frances hits you with a +0 halberd.
The red devil hits you from afar with a +0 antimagic demon trident!
* * * LOW HITPOINT WARNING * * *
Barbed spikes become lodged in your body.
Frances mutters in a terrible tongue.
The iron shot hits you!!!
* * * LOW HITPOINT WARNING * * *
Jorgrun casts a spell at you. The iron shot hits you!
* * * LOW HITPOINT WARNING * * *
Frances screams a word of power!
The red devil hits you from afar with a +0 antimagic demon trident!
The Shining One protects you from harm!
Barbed spikes become lodged in your body.
Jorgrun hits you but does no damage. Frances hits you with a +0 halberd!
You die...

## ... .(.. ##########
....(#####........###
.....4g4##......[.'.#
.<....@@.'........#.####
.....#####........#.....
##. #........#####.
#######'## ## #.# #.
##.# ##.##### #..# #
#......# ########.### #
#......# #..........#
####


You could see Frances (fast, very poisoned), Jorgrun, an orange demon (summoned)
and a red devil (summoned).

Vanquished Creatures
  2 two-headed ogres
  Urug (D:12)
  Sonja (D:12)
  Pikel (D:8)
  An orc knight (Bailey)
  2 cyclopes (D:11)
  Maggie (D:6)
  A gargoyle (D:11)
  3 kobold demonologists (D:10)
  2 komodo dragons (D:10)
  5 trolls
  4 wyverns
  Eustachio (D:6)
  21 yaks
  2 vampire mosquitoes (D:10)
  2 steam dragons
  Menkaure (D:5)
  The ghost of ThereIsNoGod the Insei, an amateur OpFi (D:3)
  Edmund (D:6)
  2 acid dragons
  9 orc warriors
  4 sky beasts
  3 ogres
  2 ice beasts
  2 black bears
  4 centaurs
  3 lemures (D:8)
  3 phantoms
  3 kobold brigands
  3 bullfrogs
  A gnoll sergeant (D:6)
  5 scorpions
  7 wights
  3 killer bees (D:9)
  A howler monkey (D:7)
  2 jellies
  7 hounds
  2 gnoll boudas (D:6)
  An orc priest (D:9)
  A sleepcap (D:6)
  6 iguanas
  8 orc wizards
  10 gnolls
  13 adders
  4 shadow imps
  A white imp (D:6)
  3 worms
  3 dart slugs
  60 orcs
  5 ball pythons
  4 bats
  7 endoplasms
  A giant cockroach (D:4)
  14 goblins
  22 hobgoblins
  14 jackals
  4 quokkas
  A frilled lizard (D:3)
  12 kobolds
  5 rats
318 creatures vanquished.

Vanquished Creatures (others)
  11 plants
11 creatures vanquished.

Grand Total: 329 creatures vanquished

Notes
Turn   | Place    | Note
-------+----------+-------------------------------------------
     0 | D:1      | senseless the Minotaur Fighter began the quest for the Orb.
     0 | D:1      | Reached XP level 1. HP: 19/19 MP: 0/0
    38 | D:1      | Reached XP level 2. HP: 14/27 MP: 1/1
   605 | D:1      | Found Wipteamu's Book Emporium.
   637 | D:1      | Reached XP level 3. HP: 33/33 MP: 2/2
   996 | D:2      | Identified the +5 war axe "Ronid" {speed, rPois rCorr}
  1330 | D:2      | Reached XP level 4. HP: 40/40 MP: 3/3
  1789 | D:3      | Reached skill level 1 in Throwing
  2194 | D:3      | Found a runed translucent door.
  2196 | D:3      | Noticed a bullfrog
  2197 | D:3      | Noticed ThereIsNoGod's ghost (amateur OpFi)
  2403 | D:4      | Noticed a black bear
  2414 | D:3      | Reached XP level 5. HP: 47/47 MP: 4/4
  2478 | D:4      | Killed a black bear
  2541 | D:4      | Reached skill level 5 in Armour
  2541 | D:4      | Reached skill level 5 in Shields
  2541 | D:4      | Reached XP level 6. HP: 55/55 MP: 5/5
  2614 | D:4      | Reached skill level 5 in Fighting
  3143 | D:4      | Reached XP level 7. HP: 61/61 MP: 6/6
  3552 | D:5      | Entered Level 5 of the Dungeon
  3656 | D:5      | Noticed Menkaure
  3672 | D:5      | Killed Menkaure
  3673 | D:5      | Reached skill level 1 in Dodging
  3675 | D:5      | Reached skill level 5 in Axes
  3938 | D:5      | Reached XP level 8. HP: 69/70 MP: 7/7
  4331 | D:5      | Identified a scroll of acquirement
  4332 | D:5      | Acquired a +1 buckler of protection
  4347 | D:6      | Found a burning altar of Makhleb.
  4347 | D:6      | Found a glowing silver altar of Zin.
  4354 | D:6      | Found a sparkling altar of Nemelex Xobeh.
  4421 | D:6      | Acquired the +2 pair of gloves "Qaeroc" {Str+7 Dex+3}
  4423 | D:6      | Acquired the ring of Tupper {*Slow rPois rC+ rN+ Int+3}
  4445 | D:6      | Noticed Edmund
  4455 | D:6      | Killed Edmund
  4678 | D:6      | Noticed Eustachio
  4689 | D:6      | Killed Eustachio
  4690 | D:6      | Reached XP level 9. HP: 79/79 MP: 8/8
  4714 | D:6      | Noticed Maggie
  4720 | D:6      | Reached skill level 5 in Throwing
  4724 | D:6      | Killed Maggie
  4741 | D:6      | Found a staircase to the Ecumenical Temple.
  4754 | Temple   | Entered the Ecumenical Temple
  4761 | Temple   | Became a worshipper of the Shining One
  4963 | D:6      | Noticed a troll
  4970 | D:6      | Killed a troll
  5268 | D:7      | Reached * piety under the Shining One
  5274 | D:7      | Reached XP level 10. HP: 90/90 MP: 9/9
  5682 | D:8      | Noticed Pikel
  5693 | D:8      | Killed Pikel
  6606 | D:3      | Killed ThereIsNoGod's ghost
  6754 | D:9      | Found a flagged portal.
  6765 | Bailey   | Entered a bailey
  6872 | Bailey   | Noticed an orc knight
  6972 | Bailey   | Reached XP level 11. HP: 76/99 MP: 7/10
  7041 | Bailey   | Killed an orc knight
  7042 | Bailey   | Reached skill level 10 in Fighting
  7042 | Bailey   | Reached skill level 10 in Armour
  7063 | Bailey   | Identified the +0 scale mail "Fuotad" {rF+ Int+3}
  7345 | D:9      | Found a staircase to the Orcish Mines.
  7436 | D:9      | Found an ornate altar of the Wu Jian Council.
  7783 | D:9      | Reached ** piety under the Shining One
  7794 | D:9      | Reached skill level 10 in Axes
  7960 | D:10     | Entered Level 10 of the Dungeon
  7969 | D:10     | Reached skill level 10 in Shields
  8105 | D:10     | Found a staircase to the Lair.
  8476 | D:10     | Noticed a two-headed ogre
  8480 | D:10     | Killed a two-headed ogre
  9008 | D:11     | Noticed a two-headed ogre
  9016 | D:11     | Killed a two-headed ogre
  9319 | D:11     | Reached *** piety under the Shining One
  9421 | D:11     | Found a portal to a secret trove of treasure.
  9514 | D:12     | Reached XP level 12. HP: 110/110 MP: 11/11
  9535 | D:12     | Noticed Sonja
  9546 | D:12     | Killed Sonja
  9668 | D:12     | Noticed Urug
  9683 | D:12     | Killed Urug
  9744 | D:12     | Noticed Frances
  9746 | D:12     | Noticed Jorgrun
  9764 | D:12     | HP: 5/110 [Jorgrun/iron shot (5)]
  9765 | D:12     | The Shining One protects you from harm!
  9765 | D:12     | Slain by Frances

Illustrated notes

Levels and vault maps discovered:
D:1:      amcnicky_arrival_abandoned_market, layout_basic, serial_shops, shop
D:2:      layout_basic
D:3:      layout_basic, ebering_ghost_sewer_d, dreamdust_wishing_well
D:4:      corexii_shantytown, layout_basic, hangedman_feature_mirror
D:5:      layout_basic, grunt_decor_one_mirror, serial_bayou_ford_a,
          kennysheep_pointless_box, uniq_menkaure
D:6:      layout_loops_ring, gammafunk_temple_overflow_forgotten,
          minmay_temple_entry_trees, nzn_random_ring, uniq_eustachio,
          uniq_edmund, uniq_maggie
D:7:      layout_rooms
D:8:      layout_loops_ring, serial_rivers, chequers_serial_rivers_micro_b,
          chequers_serial_rivers_micro_d, chequers_serial_rivers_large_a,
          chequers_serial_rivers_marsh, grunt_ogre_cave, uniq_pikel
D:9:      layout_irregular_city, nicolae_wu_jian_immortal_techniques,
          hiddenorc1_lemuel, enter_bailey_2
D:10:     layout_grid_maze, david_lair_shrubbed, minmay_splitting_lines,
          nicolae_concentric_dashed_squares_wild
D:11:     layout_cave_pools, nicolae_trove_entry_crossroad
D:12:     layout_roguey, uniq_frances, uniq_sonja, uniq_urug, uniq_jorgrun
Temple:   nicolae_temple_no_exploring_needed

Skill      XL: |  1  2  3  4  5  6  7  8  9 10 11 12 |
---------------+-------------------------------------+-----
Fighting       | 4 5 6 7 8 9 11 | 11.3
Armour         | 4 5 6 7 8 9 11 | 11.3
Shields        | 4 5 6 8 9 10 11 | 11.0
Axes           | 3 4 5 6 8 9 10 11 | 11.0
Throwing       | 1 2 3 4 6 7 8 |  8.8
Dodging        | 2 |  2.5

Action                     |  1- 3 |  4- 6 |  7- 9 | 10-12 || total
---------------------------+-------+-------+-------+-------++-------
  Melee: War axe           |    79 |   138 |   200 |   305 ||   722
         Headbutt          |     6 |    15 |    36 |    71 ||   128
  Throw: Dart              |       |       |       |     5 ||     5
    Use: Scroll            |       |       |    18 |     8 ||    26
   Stab: Distracted        |       |       |     1 |       ||     1
 Armour: Scale mail        |     2 |       |       |       ||     2
         Chain mail        |    38 |    56 |    60 |       ||   154
         Acid dragon scale |       |       |    29 |    11 ||    40
         Plate armour      |       |       |       |    45 ||    45
         Crystal plate arm |       |       |       |   131 ||   131
  Dodge: Dodged            |    26 |    23 |    75 |    84 ||   208
  Block: Buckler           |    14 |    18 |    29 |   103 ||   164

Table legend: (Time is in decaauts)
 A = Elapsed time spent in this place.
 B = Non-inter-level travel time spent in this place.
 C = Inter-level travel time spent in this place.
 D = Time resting spent in this place.
 E = Time spent auto-exploring this place.
 F = Levels seen in this place.
 G = Mean time per level.
                   A        B        C        D        E       F      G
               +--------+--------+--------+--------+--------+-----+--------+
         Total |   9736 |   9152 |    584 |     56 |   7314 |  14 |  695.4 |
       Dungeon |   9351 |   8773 |    578 |     56 |   7075 |  12 |  779.2 |
        Temple |     14 |      8 |      6 |      0 |      0 |   1 |   14.0 |
        Bailey |    370 |    370 |      0 |      0 |    239 |   1 |  370.0 |
               +--------+--------+--------+--------+--------+-----+--------+

Top non-repeatable levels by time:
     D:4: 1131 daAuts
    D:10: 994 daAuts
     D:1: 985 daAuts
     D:5: 908 daAuts
     D:6: 893 daAuts
     D:9: 847 daAuts
     D:8: 831 daAuts
     D:2: 773 daAuts
     D:3: 767 daAuts
    D:11: 489 daAuts
     D:7: 443 daAuts
  Bailey: 370 daAuts
    D:12: 285 daAuts
  Temple: 14 daAuts
